 Dungeon Crawl Stone Soup version 0.17.0-27-g4a3f43e (webtiles) character file.

243 Glider the Insei (level 6, 0/38 HPs)
             Began as an Octopode Transmuter on Nov 21, 2015.
             Slain by an iguana (9 damage)
             ... on level 4 of the Dungeon.
             The game lasted 00:11:08 (3822 turns).

Glider the Insei (Octopode Transmuter)              Turns: 3822, Time: 00:11:08

Health: 0/38       AC:  1    Str:  9    XL:     6   Next: 9%
Magic:  9/9        EV: 12    Int: 15    God:
Gold:   143        SH:  0    Dex: 15    Spells: 3 memorised, 3 levels left

rFire  . . .     SeeInvis .       - Unarmed
rCold  . . .     Clarity  .     (no shield)
rNeg   . . .     SustAt   .     (helmet restricted)
rPois  .         Gourm    .     (no amulet)
rElec  .         Spirit   .     (no ring)
rCorr  .         Warding  .     (no ring)
rMut   .         Stasis   .     (no ring)
MR     .....                    (no ring)
Stlth  ++........               (no ring)
                                (no ring)
                                (no ring)
                                (no ring)

@: not resistant to hostile enchantments, unstealthy
A: almost no armour, amphibious, 8 rings, constrict 8, camouflage 1, gelatinous
body 1
a: no special abilities


You were on level 4 of the Dungeon.
You were hungry.

You visited 1 branch of the dungeon, and saw 4 of its levels.

You collected 143 gold pieces.

Inventory:

Missiles
 a - 22 arrows
Wands
 r - a wand of confusion (30)
Scrolls
 e - 2 scrolls of teleportation
 f - 2 scrolls of magic mapping {unknown}
 j - 2 scrolls of remove curse
 k - 4 scrolls of identify
 l - a scroll of amnesia {unknown}
 n - a scroll of recharging {unknown}
 q - 3 scrolls of enchant armour {unknown}
Potions
 g - 2 potions of might
 h - a potion of haste
 m - a potion of flight
 o - a potion of brilliance {unknown}
 t - a potion of resistance {unknown}
Books
 b - a book of Changes

   Spells                             Type                      Level
   a - Beastly Appendage              Transmutation                1
   b - Sticks to Snakes               Transmutation                2
   c - Spider Form                    Transmutation/Poison         3
   d - Ice Form                       Ice/Transmutation            4
   e - Blade Hands                    Transmutation                5
Comestibles
 c - 3 bread rations
 d - 3 meat rations
 i - 2 slices of pizza
 p - a beef jerky
 s - 4 chunks of flesh


   Skills:
 - Level 1.0 Fighting
 - Level 2.0 Dodging
 * Level 5.0 Unarmed Combat
 - Level 2.0 Spellcasting
 * Level 3.6 Transmutations
 - Level 3.2 Poison Magic


You had 3 spell levels left.
You knew the following spells:

 Your Spells              Type           Power        Failure   Level  Hunger
a - Beastly Appendage     Trmt           ##....       6%          1    #......
b - Sticks to Snakes      Trmt           ##........   10%         2    ###....
c - Spider Form           Trmt/Pois      ##........   21%         3    ###....


Dungeon Overview and Level Annotations

Branches:
Dungeon (4/15)             Temple (0/1) D:4

Altars:
Ashenzari
Makhleb
Nemelex Xobeh
Vehumet
Yredelemnul

Annotations:
D:4 Blork the orc; Mazeltov's ghost, amateur HOFi


Innate Abilities, Weirdness & Mutations

You cannot wear most types of armour.
You are amphibious.
You can wear up to eight rings at the same time.
You can use your tentacles to constrict eight enemies at once.
Your skin changes colour to match your surroundings (Stealth).
Your rubbery body absorbs attacks (AC +1).


Message History

You grab the gnoll.
The gnoll is moderately wounded.
You constrict the gnoll. The gnoll hits you with a club.
* * * LOW HITPOINT WARNING * * *
You release your grip on the gnoll.
Blork the orc comes into view.
He is wielding a flail.
Found an inky potion, 24 arrows and 2 scrolls labeled DOMNALEPTE.
You open the door.
An iguana comes into view.
The iguana hisses angrily.
There is an open door here.
The gnoll hits you but does no damage. The iguana closely misses you.
Found a basalt altar of Yredelemnul.
You tentacle-slap the iguana but do no damage.
Your grab misses the iguana. Your squeeze misses the iguana.
You tentacle-slap the iguana. Your grab misses the iguana.
The iguana is moderately wounded.
The iguana bites you!
You die...

#.............#
#..#
#.............#
#..#
#..####.####g.#
#..# #.. .....
#..# #..# #..
.......#g##
#... #.
#.......#g#
#.#.
....._.....#
#...
.#.......#l#
###. ......#@#
#. ..... #.# ##
##.## #.# # ...
..# # ## ###


You could see an iguana and 3 gnolls.

Vanquished Creatures
  A scorpion (D:4)
  A crimson imp (D:3)
  An iguana (D:4)
  An orc wizard (D:4)
  An adder (D:2)
  3 oozes
  A worm (D:3)
  9 giant geckos
  2 orcs (D:4)
  A ball python (D:3)
  13 bats
  2 giant cockroaches (D:1)
  A goblin (D:1)
  3 hobgoblins
  6 jackals
  3 quokkas
  5 giant newts
  14 kobolds
  4 rats
72 creatures vanquished.

Vanquished Creatures (collateral kills)
  A worm (D:2)
  A bat (D:2)
2 creatures vanquished.

Grand Total: 74 creatures vanquished

Notes
Turn   | Place    | Note
--------------------------------------------------------------
     0 | D:1      | Glider the Octopode Transmuter began the quest for the Orb.
     0 | D:1      | Reached XP level 1. HP: 13/13 MP: 3/3
   160 | D:1      | Reached XP level 2. HP: 16/18 MP: 5/5
   322 | D:1      | Learned a level 2 spell: Sticks to Snakes
   618 | D:1      | Reached skill level 4 in Unarmed Combat
   643 | D:1      | Reached XP level 3. HP: 23/23 MP: 6/6
   906 | D:1      | Learned a level 3 spell: Spider Form
   925 | D:2      | Reached skill level 1 in Poison Magic
  1486 | D:2      | Found a sparkling altar of Nemelex Xobeh.
  1595 | D:2      | Reached XP level 4. HP: 21/28 MP: 7/7
  2618 | D:3      | Found a shattered altar of Ashenzari.
  2966 | D:3      | Found a burning altar of Makhleb.
  2967 | D:3      | Found a radiant altar of Vehumet.
  2976 | D:3      | Reached XP level 5. HP: 17/33 MP: 8/8
  3280 | D:4      | Found a staircase to the Ecumenical Temple.
  3624 | D:4      | Noticed a phantom
  3635 | D:4      | Reached XP level 6. HP: 9/38 MP: 6/9
  3772 | D:4      | Noticed Mazeltov's ghost (amateur HOFi)
  3785 | D:4      | Reached skill level 5 in Unarmed Combat
  3797 | D:4      | Noticed Blork the orc
  3810 | D:4      | Found a basalt altar of Yredelemnul.
  3822 | D:4      | Slain by an iguana

Action                   |  1- 3 |  4- 6 || total
-------------------------+-------+-------++-------
Melee: Unarmed           |    84 |    99 ||   183
 Cast: Beastly Appendage |     1 |       ||     1
       Sticks to Snakes  |     3 |     1 ||     4
       Spider Form       |       |     2 ||     2
  Use: Scroll            |       |     6 ||     6
       Potion            |       |     1 ||     1
 Stab: Sleeping          |     3 |     5 ||     8
       Distracted        |       |     1 ||     1
  Eat: Chunk             |     2 |     7 ||     9
